 Dungeon Crawl Stone Soup version 0.21-a0-270-g8204059 (webtiles) character file.

415 Gagarin the Cudgeler (level 6, -3/93 HPs)
             Began as a Troll Berserker on Sept 14, 2017.
             Was a Priest of Trog.
             Slain by an ice beast (11 damage)
             ... on level 5 of the Dungeon.
             The game lasted 00:06:45 (2622 turns).

Gagarin the Cudgeler (Troll Berserker)              Turns: 2622, Time: 00:06:46

Health: -3/93      AC:  5    Str: 33    XL:     6   Next: 60%
Magic:  5/5        EV: 11    Int:  3    God:    Trog [***...]
Gold:   241        SH:  0    Dex:  9    Spells: 5/5 levels left

rFire    . . .     SeeInvis .   y - +0 mace (holy)
rCold    . . .     Gourm    +   (no shield)
rNeg     . . .     Faith    .   b - +0 animal skin
rPois    .         Spirit   .   (helmet restricted)
rElec    .         Reflect  .   (no cloak)
rCorr    .         Harm     .   (gloves unavailable)
MR       .....                  (boots unavailable)
Stlth    ..........             (no amulet)
HPRegen  0.65/turn              (no ring)
MPRegen  0.09/turn              (no ring)

@: berserking (expiring), very quick
A: unfitting armour, claws 3, fast metabolism 3, gourmand, regeneration 1,
shaggy fur 1, tough skin 2
a: Berserk, Trog's Hand, Burn Spellbooks, Renounce Religion


You were on level 5 of the Dungeon.
You worshipped Trog.
Trog was most pleased with you.
You were full.

You visited 1 branch of the dungeon, and saw 5 of its levels.

You collected 241 gold pieces.

Inventory:

Hand Weapons
 y - a +0 mace of holy wrath (weapon)
Missiles
 d - 3 javelins
 h - 133 stones (quivered)
 r - 2 needles of frenzy
 z - a throwing net
Armour
 b - a +0 animal skin (worn)
Jewellery
 q - a +1 ring of protection {unknown}
Wands
 x - a wand of iceblast (12/15)
Scrolls
 e - a scroll of magic mapping {unknown}
 f - 3 scrolls of teleportation {unknown}
 g - a scroll of fear {unknown}
 i - 4 scrolls of enchant armour {unknown}
 j - 2 scrolls of enchant weapon {unknown}
 k - 4 scrolls of random uselessness {unknown}
 s - a scroll of recharging {unknown}
 u - a scroll of identify {unknown}
 v - a scroll of amnesia {unknown}
 w - 3 scrolls of blinking {unknown}
 A - 2 scrolls of remove curse {unknown}
Potions
 l - a potion of degeneration {unknown}
 m - 2 potions of curing {unknown}
 o - a potion of cancellation {unknown}
 p - 4 potions of lignification {unknown}
 t - a potion of mutation {unknown}
 C - 2 potions of resistance {unknown}
 D - a potion of berserk rage {unknown}
Comestibles
 a - 2 meat rations
 c - 5 bread rations
 n - 2 fruits
 B - a royal jelly


   Skills:
 + Level 3.9 Fighting
 + Level 4.4 Maces & Flails
 + Level 2.0 Throwing
 + Level 3.7 Dodging


You had 5 spell levels left.
You didn't know any spells.

Dungeon Overview and Level Annotations

Branches:
Dungeon (5/15)
 Temple: D:4-7

Altars:
Dithmenos
Qazlal
Uskayaw
Vehumet

Shops:
D:4 %


Innate Abilities, Weirdness & Mutations

You are too large for most types of armour.
You have claws for hands.
Your metabolism is lightning-fast.
You like to eat raw meat.
Your natural rate of healing is unusually fast.
You are covered in fur. (AC +1)
You have very tough skin. (AC +2)


Message History

You kill the worker ant!
Trog accepts your kill.
You sock the ice beast!
The ice beast is moderately wounded.
The ice beast hits you.
* * * LOW HITPOINT WARNING * * *
The ice beast freezes you.
* * * LOW HITPOINT WARNING * * *
You barely miss the ice beast.
The ice beast is moderately wounded.
The ice beast hits you.
* * * LOW HITPOINT WARNING * * *
The ice beast freezes you.
* * * LOW HITPOINT WARNING * * *
You thump the ice beast!
The ice beast is severely wounded.
The ice beast hits you.
* * * LOW HITPOINT WARNING * * *
The ice beast freezes you!
You die...

#.......'..........#
...
#....##.##'####....#
##+####.##...####'##
#....#.......##...>####
#....#.......#........#
#....'.......#........#
#....#.......#........#
#....#.......#........#
'....#.......#..@.....#
#...###......##Y#######
#######......##.....#
#8# #.....(..#........
...8##........#..l....c
....##........#........
....>#........#?....c..
....##........#........
...8##........#.<......


You could see an ice beast.

Vanquished Creatures
  2 centaurs
  A hound (D:4)
  An iguana (D:5)
  A worker ant (D:5)
  A killer bee zombie (D:5)
  A hound skeleton (D:4)
  5 adders
  An ooze (D:1)
  A worm (D:2)
  2 dart slugs (D:1)
  4 leopard geckos
  11 orcs
  6 bats
  4 giant cockroaches (D:2)
  7 goblins
  10 hobgoblins
  4 quokkas
  2 ball pythons
  5 frilled lizards
  5 kobolds
  9 rats
83 creatures vanquished.

Notes
Turn   | Place    | Note
-------+----------+-------------------------------------------
     0 | D:1      | Gagarin the Troll Berserker began the quest for the Orb.
     0 | D:1      | Reached XP level 1. HP: 22/22 MP: 0/0
   149 | D:1      | Reached XP level 2. HP: 25/29 MP: 1/1
   273 | D:1      | Reached skill level 3 in Maces & Flails
   575 | D:1      | Reached XP level 3. HP: 33/36 MP: 2/2
   675 | D:1      | Reached ** piety under Trog
   875 | D:2      | Reached XP level 4. HP: 13/45 MP: 3/3
  1404 | D:3      | Found a hide-covered altar of Uskayaw.
  1706 | D:4      | Found Fedom's Food Boutique.
  1728 | D:4      | Found a radiant altar of Vehumet.
  1736 | D:4      | Noticed a centaur
  1746 | D:4      | Reached *** piety under Trog
  1749 | D:4      | Reached XP level 5. HP: 23/53 MP: 4/4
  1754 | D:4      | Killed a centaur
  1754 | D:4      | Reached skill level 1 in Throwing
  2034 | D:4      | Found a shadowy altar of Dithmenos.
  2084 | D:4      | Reached skill level 4 in Maces & Flails
  2085 | D:4      | Found a stormy altar of Qazlal.
  2310 | D:4      | Reached XP level 6. HP: 61/61 MP: 5/5
  2474 | D:5      | Entered Level 5 of the Dungeon
  2611 | D:5      | Noticed an ice beast
  2622 | D:5      | Slain by an ice beast

Vault maps used:
D:1:      eino_arrival_cavern_a
D:2:      first_bread, minivault_26
D:3:      lemuel_round_altar
D:4:      lemuel_doored_altar, grunt_qazlal_clouds, lemuel_round_altar,
          serial_shops, shop
D:5:      nicolae_overflow_hidden_temple, temple_pool_b, uniq_blork_the_orc

Skill      XL: |  1  2  3  4  5  6 |
---------------+-------------------+-----
Maces & Flails | 3 4 |  4.4
Fighting       | 3 |  3.9
Dodging        | 3 |  3.7
Throwing       | 1 2 |  2.0

Action                   |  1- 3 |  4- 6 || total
-------------------------+-------+-------++-------
Melee: Mace              |   103 |   192 ||   295
Throw: Stone             |       |     3 ||     3
Invok: Berserk           |     1 |     3 ||     4
       Burn Spellbooks   |       |     1 ||     1
 Stab: Sleeping          |     1 |       ||     1
  Eat: Chunk             |    10 |    21 ||    31
Armor: Animal skin       |    54 |    64 ||   118
Dodge: Dodged            |    87 |   136 ||   223

Table legend:
 A = Spawn XP
 B = Non-spawn XP
 C = Spawn XP percentage of total XP
 D = Spawn monster count
 E = Non-spawn monster count
 F = Spawn count percentage of total count
 G = Total turns spent on level
                    A         B        C        D         E        F      G
               +---------+---------+-------+---------+---------+-------+---------
         Total |       0 |     594 |   0.0 |       0 |      83 |   0.0 |  2622
               +---------+---------+-------+---------+---------+-------+---------
           D:1 |       0 |      44 |   0.0 |       0 |      22 |   0.0 |   683
           D:2 |       0 |      80 |   0.0 |       0 |      25 |   0.0 |   507
           D:3 |       0 |      67 |   0.0 |       0 |      22 |   0.0 |   516
           D:4 |       0 |     191 |   0.0 |       0 |      10 |   0.0 |   768
           D:5 |       0 |     212 |   0.0 |       0 |       4 |   0.0 |   148
               +---------+---------+-------+---------+---------+-------+---------
